A- WEST
VISALIA RAWHIDE @ FRESNO GRIZZLIES
04/30/2042
 
TOP OF THE 1ST
Visalia Rawhide batting - Pitching for Fresno Grizzlies : RHP Cameron Chivers
Pitching: RHP Cameron Chivers
Batting: LHB Jayden Wilcox 0-0: Foul Ball, location: 2F
0-1: Ball
1-1: Foul Ball, location: 23FF
1-2: Ball
2-2: Ball
3-2: Fly out, F7 (Flyball, 7D, EV 108.8 MPH)
Batting: RHB Chris Spence 0-0: Ball
1-0: Called Strike
1-1: Swinging Strike
1-2: Fly out, F4 (Flyball, 4D, EV 87.5 MPH)
Batting: RHB Toby Jones 0-0: Ball
1-0: Called Strike
1-1: Ball
2-1: Ball
3-1: Base on Balls
Batting: RHB Chris White 0-0: Called Strike
0-1: Ball
1-1: Foul Ball, location: 7LDF
1-2: Strikes out swinging
Top of the 1st over - 0 runs, 0 hits, 0 errors, 1 left on base; Visalia 0 - Fresno 0
BOTTOM OF THE 1ST
Fresno Grizzlies batting - Pitching for Visalia Rawhide : RHP Jon Brown
Pitching: RHP Jon Brown
Batting: RHB Juan Colón 0-0: Fly out, F7 (Line Drive, 7, EV 93.1 MPH)
Batting: RHB Jimmy Tessier 0-0: DOUBLE (Flyball, 89D, EV 92.5 MPH)
Batting: RHB Aurelio González 0-0: Ball
1-0: Ball
2-0: Ground out 4-3 (Groundball, 34D, EV 103.1 MPH)
Jimmy Tessier to third
Batting: LHB Luis Solís 0-0: Called Strike
0-1: Ball
1-1: Ball
2-1: Fly out, F8 (Line Drive, 8LM, EV 85.0 MPH)
Bottom of the 1st over - 0 runs, 1 hit, 0 errors, 1 left on base; Visalia 0 - Fresno 0
TOP OF THE 2ND
Visalia Rawhide batting - Pitching for Fresno Grizzlies : RHP Cameron Chivers
Batting: RHB Mariano Pérez 0-0: Ball
1-0: Swinging Strike
1-1: Swinging Strike
1-2: Ball
2-2: Foul Ball, location: 2F
2-2: Fly out, F9 (Flyball, 9D, EV 92.5 MPH)
Batting: RHB Tex McNeill 0-0: Called Strike
0-1: Called Strike
0-2: Foul Ball, location: 9LSF
0-2: Strikes out swinging, 2-3 out at first.
Batting: RHB Mike Haydon 0-0: Foul Ball, location: 23F
0-1: Fly out, F8 (Flyball, 8RM, EV 85.0 MPH)
Top of the 2nd over - 0 runs, 0 hits, 0 errors, 0 left on base; Visalia 0 - Fresno 0
BOTTOM OF THE 2ND
Fresno Grizzlies batting - Pitching for Visalia Rawhide : RHP Jon Brown
Batting: RHB Brendan Hayes 0-0: Fly out, F8 (Flyball, 8RS, EV 80.6 MPH)
Batting: RHB Cipriano Costello 0-0: Called Strike
0-1: Called Strike
0-2: Strikes out looking
Batting: LHB Ken Davis 0-0: Fly out, F8 (Flyball, 8LD, EV 86.9 MPH)
Bottom of the 2nd over - 0 runs, 0 hits, 0 errors, 0 left on base; Visalia 0 - Fresno 0
TOP OF THE 3RD
Visalia Rawhide batting - Pitching for Fresno Grizzlies : RHP Cameron Chivers
Batting: LHB Shawn Moore 0-0: Ground out 4-3 (Groundball, 4M, EV 83.8 MPH)
Batting: RHB Tim Weber 0-0: Ball
1-0: Called Strike
1-1: Ball
2-1: Called Strike
2-2: Strikes out swinging
Batting: LHB Jayden Wilcox 0-0: Called Strike
0-1: Swinging Strike
0-2: Ball
1-2: Foul Ball, location: 25FF
1-2: Foul Ball, location: 2F
1-2: Strikes out swinging
Top of the 3rd over - 0 runs, 0 hits, 0 errors, 0 left on base; Visalia 0 - Fresno 0
BOTTOM OF THE 3RD
Fresno Grizzlies batting - Pitching for Visalia Rawhide : RHP Jon Brown
Batting: RHB José Gallegos 0-0: Ball
1-0: Ball
2-0: Called Strike
2-1: Foul Ball, location: 5SF
2-2: Ball
3-2: Strikes out looking
Batting: RHB Stan Holt 0-0: Ball
1-0: Ball
2-0: Swinging Strike
2-1: Ball
3-1: Called Strike
3-2: Ground out 6-3 (Groundball, 6, EV 82.5 MPH)
Batting: RHB Juan Colón 0-0: Called Strike
0-1: Ball
1-1: Called Strike
1-2: Strikes out looking
Bottom of the 3rd over - 0 runs, 0 hits, 0 errors, 0 left on base; Visalia 0 - Fresno 0
TOP OF THE 4TH
Visalia Rawhide batting - Pitching for Fresno Grizzlies : RHP Cameron Chivers
Batting: RHB Chris Spence 0-0: Foul Ball, location: 9LMF
0-1: Called Strike
0-2: Ball
1-2: Ball
2-2: Ball
3-2: Foul Ball, location: 2F
3-2: Strikes out looking
Batting: RHB Toby Jones 0-0: Swinging Strike
0-1: Swinging Strike
0-2: Ball
1-2: Ball
2-2: Strikes out swinging
Batting: RHB Chris White 0-0: Foul Ball, location: 7LSF
0-1: Called Strike
0-2: Ball
1-2: Foul Ball, location: 2RF
1-2: Ball
2-2: Foul Ball, location: 9LMF
2-2: Fly out, F8 (Flyball, 8RXD, EV 107.5 MPH)
Top of the 4th over - 0 runs, 0 hits, 0 errors, 0 left on base; Visalia 0 - Fresno 0
BOTTOM OF THE 4TH
Fresno Grizzlies batting - Pitching for Visalia Rawhide : RHP Jon Brown
Batting: RHB Jimmy Tessier 0-0: Ball
1-0: Foul Ball, location: 3FF
1-1: Fly out, F8 (Flyball, 8RXD, EV 98.8 MPH)
Batting: RHB Aurelio González 0-0: Called Strike
0-1: SINGLE (Groundball, 4D, EV 105.0 MPH)
Batting: LHB Luis Solís 0-0: Ball
1-0: Called Strike
1-1: Ball
Aurelio González steals 2nd base
2-1: Ball
3-1: SINGLE (Line Drive, 6M, EV 96.3 MPH)
Aurelio González to third
Batting: RHB Brendan Hayes 0-0: Called Strike
0-1: Ball
1-1: Foul Ball, location: 9LMF
1-2: Ball
Luis Solís steals 2nd base
2-2: Strikes out looking
Batting: RHB Cipriano Costello 0-0: Swinging Strike
0-1: Ball
1-1: Foul Ball, location: 2F
1-2: Foul Ball, location: 5FF
1-2: Strikes out swinging
Bottom of the 4th over - 0 runs, 2 hits, 0 errors, 2 left on base; Visalia 0 - Fresno 0
TOP OF THE 5TH
Visalia Rawhide batting - Pitching for Fresno Grizzlies : RHP Cameron Chivers
Batting: RHB Mariano Pérez 0-0: Ball
1-0: DOUBLE (Flyball, 8RXD, EV 98.1 MPH)
Batting: RHB Tex McNeill 0-0: Ground out 6-3 (Groundball, 6, EV 107.5 MPH)
Batting: RHB Mike Haydon 0-0: Ball
1-0: Foul Ball, location: 2F
1-1: Foul Ball, location: 3DF
1-2: Strikes out swinging
Batting: LHB Shawn Moore 0-0: Swinging Strike
0-1: Swinging Strike
0-2: Ball
1-2: Ball
2-2: Foul Ball, location: 2F
2-2: Ground out 6-3 (Groundball, 6M, EV 110.6 MPH)
Top of the 5th over - 0 runs, 1 hit, 0 errors, 1 left on base; Visalia 0 - Fresno 0
BOTTOM OF THE 5TH
Fresno Grizzlies batting - Pitching for Visalia Rawhide : RHP Jon Brown
Batting: LHB Ken Davis 0-0: Ball
1-0: Called Strike
1-1: Ball
2-1: Swinging Strike
2-2: Ground out 4-3 (Groundball, 4, EV 81.9 MPH)
Batting: RHB José Gallegos 0-0: Called Strike
0-1: Ball
1-1: Swinging Strike
1-2: Ball
2-2: Ball
3-2: Foul Ball, location: 2F
3-2: Fly out, F8 (Line Drive, 8RM, EV 91.9 MPH)
Batting: RHB Stan Holt 0-0: SINGLE (Groundball, 4MD, EV 108.1 MPH) (infield hit)
Batting: RHB Juan Colón 0-0: Swinging Strike
0-1: Ball
1-1: Foul Ball, location: 2F
1-2: Ball
Stan Holt is caught stealing 2nd base 2-4
Bottom of the 5th over - 0 runs, 1 hit, 0 errors, 0 left on base; Visalia 0 - Fresno 0
TOP OF THE 6TH
Visalia Rawhide batting - Pitching for Fresno Grizzlies : RHP Cameron Chivers
Batting: RHB Tim Weber 0-0: Foul Ball, location: 2F
0-1: Ball
1-1: Foul Ball, location: 2F
1-2: Foul Ball, location: 5FF
1-2: Foul Ball, location: 3F
1-2: Fly out, F8 (Flyball, 89S, EV 93.8 MPH)
Pitching: RHP Cale Hogeboom
Batting: LHB Jayden Wilcox 0-0: Ball
1-0: Called Strike
1-1: Ball
2-1: Swinging Strike
2-2: Foul Ball, location: 9LDF
2-2: Foul Ball, location: 2LF
2-2: Strikes out looking
Batting: RHB Chris Spence 0-0: Ball
1-0: Swinging Strike
1-1: Ball
2-1: SINGLE (Line Drive, 56D, EV 95.6 MPH)
Batting: RHB Toby Jones 0-0: Called Strike
Chris Spence steals 2nd base
0-1: Ball
1-1: Ground out 6-3 (Groundball, 6, EV 91.3 MPH)
Top of the 6th over - 0 runs, 1 hit, 0 errors, 1 left on base; Visalia 0 - Fresno 0
BOTTOM OF THE 6TH
Fresno Grizzlies batting - Pitching for Visalia Rawhide : RHP Jon Brown
Batting: RHB Juan Colón 0-0: Swinging Strike
0-1: Foul Ball, location: 7LMF
0-2: Foul Ball, location: 2F
0-2: Ball
1-2: Ball
2-2: DOUBLE (Flyball, 78D, EV 100.6 MPH)
Batting: RHB Jimmy Tessier 0-0: Ball
Juan Colón steals 3rd base (no throw)
1-0: Ball
2-0: Ball
3-0: Called Strike
3-1: SINGLE (Groundball, 56, EV 86.9 MPH)
Juan Colón scores
Batting: RHB Aurelio González 0-0: Ball
Jimmy Tessier steals 2nd base
1-0: Ball
2-0: Swinging Strike
2-1: Ball
3-1: Foul Ball, location: 9LDF
3-2: Strikes out swinging
Batting: LHB Luis Solís 0-0: Ball
1-0: Called Strike
1-1: Called Strike
1-2: Ball
2-2: Strikes out swinging
Batting: RHB Brendan Hayes 0-0: Called Strike
0-1: Foul Ball, location: 9LDF
0-2: Ball
1-2: Ball
2-2: Ball
3-2: Foul Ball, location: 2F
3-2: Base on Balls
Batting: RHB Cipriano Costello 0-0: Ball
1-0: Ball
2-0: Called Strike
2-1: Fly out, F5 (Line Drive, 56D, EV 71.3 MPH)
Bottom of the 6th over - 1 run, 2 hits, 0 errors, 2 left on base; Visalia 0 - Fresno 1
TOP OF THE 7TH
Visalia Rawhide batting - Pitching for Fresno Grizzlies : RHP Cale Hogeboom
Batting: RHB Chris White 0-0: Ball
1-0: Ball
2-0: Called Strike
2-1: SINGLE (Flyball, 8RS, EV 99.4 MPH)
Batting: RHB Mariano Pérez 0-0: Ball
1-0: Foul Ball, location: 9LSF
1-1: Ball
2-1: Foul Ball, location: 25FF
2-2: Foul Ball, location: 2F
2-2: Ball
3-2: Grounds into double play, 6-4-3 (Groundball, 56, EV 78.1 MPH)
Batting: RHB Tex McNeill 0-0: SINGLE (Groundball, 34D, EV 104.4 MPH)
Batting: RHB Mike Haydon 0-0: Called Strike
0-1: Foul Ball, location: 3SF
0-2: Ball
1-2: Strikes out swinging
Top of the 7th over - 0 runs, 2 hits, 0 errors, 1 left on base; Visalia 0 - Fresno 1
BOTTOM OF THE 7TH
Fresno Grizzlies batting - Pitching for Visalia Rawhide : RHP Jon Brown
Batting: LHB Ken Davis 0-0: Swinging Strike
0-1: Ball
1-1: Foul Ball, location: 2F
1-2: Strikes out looking
Batting: RHB José Gallegos 0-0: Ground out 4-3 (Groundball, 4, EV 104.4 MPH)
Batting: RHB Stan Holt 0-0: Called Strike
0-1: Ball
1-1: Called Strike
1-2: Strikes out looking
Bottom of the 7th over - 0 runs, 0 hits, 0 errors, 0 left on base; Visalia 0 - Fresno 1
TOP OF THE 8TH
Visalia Rawhide batting - Pitching for Fresno Grizzlies : RHP Cale Hogeboom
Batting: LHB Shawn Moore 0-0: Ball
1-0: Fly out, F9 (Line Drive, 9D, EV 85.6 MPH)
Pinch Hitting: LHB Mike Washington 0-0: Called Strike
0-1: Swinging Strike
0-2: Strikes out swinging
Batting: LHB Jayden Wilcox 0-0: Called Strike
0-1: Foul Ball, location: 7LMF
0-2: Ball
1-2: Strikes out swinging
Top of the 8th over - 0 runs, 0 hits, 0 errors, 0 left on base; Visalia 0 - Fresno 1
BOTTOM OF THE 8TH
Fresno Grizzlies batting - Pitching for Visalia Rawhide : RHP Jon Brown
Now in RF: Mike Washington
Batting: RHB Juan Colón 0-0: Ball
1-0: Foul Ball, location: 2F
1-1: Ball
2-1: Called Strike
2-2: Strikes out looking
Pitching: RHP Jim Unknown
Batting: RHB Jimmy Tessier 0-0: Called Strike
0-1: Ball
1-1: Foul Ball, location: 2F
1-2: Ground out 6-3 (Groundball, 56, EV 105.6 MPH)
Batting: RHB Aurelio González 0-0: Ball
1-0: Foul Ball, location: 9LDF
1-1: Swinging Strike
1-2: Ground out 6-3 (Groundball, 6, EV 80.6 MPH)
Bottom of the 8th over - 0 runs, 0 hits, 0 errors, 0 left on base; Visalia 0 - Fresno 1
TOP OF THE 9TH
Visalia Rawhide batting - Pitching for Fresno Grizzlies : RHP Cale Hogeboom
Pitching: RHP Jeremy Collier
Batting: RHB Chris Spence 0-0: Ball
1-0: Swinging Strike
1-1: Foul Ball, location: 5FF
1-2: Foul Ball, location: 2F
1-2: Strikes out swinging
Batting: RHB Toby Jones 0-0: Foul Ball, location: 2F
0-1: Ball
1-1: Ball
2-1: Foul Ball, location: 2F
2-2: Foul Ball, location: 2F
2-2: Foul Ball, location: 2F
2-2: Ball
3-2: Ground out 6-3 (Groundball, 6, EV 87.5 MPH)
Batting: RHB Chris White 0-0: Ball
1-0: Ground out 6-3 (Groundball, 56S, EV 80.6 MPH)
Top of the 9th over - 0 runs, 0 hits, 0 errors, 0 left on base; Visalia 0 - Fresno 1
Friday, May 3rd , 2024 - OOTP Baseball 24.10 Build 82